 Dungeon Crawl Stone Soup version 0.30-a0-359-gd0147acb1a (webtiles) character file.

Game seed: 12065878125551852226

2215 experimilk the Destroyer (level 9, 0/67 HPs)
             Began as a White Draconian Conjurer on Nov 12, 2022.
             Was a Follower of Vehumet.
             Slain by a steam dragon (7 damage)
             ... on level 7 of the Dungeon.
             The game lasted 00:17:17 (9487 turns).

experimilk the Destroyer (White Draconian Conjurer) Turns: 9487, Time: 00:17:17

Health: 0/67       AC:  7    Str: 16    XL:     9   Next: 13%
Magic:  15/15      EV: 12    Int: 22    God:    Vehumet [*.....]
Gold:   346        SH:  0    Dex: 10    Spells: 1/16 levels left

rFire   . . .      SeeInvis .    j - +3 spear (vorpal)
rCold   + . .      Faith    .    (no shield)
rNeg    . . .      Spirit   .    (body armour unavailable)
rPois   .          Reflect  .    (helmet restricted)
rElec   .          Harm     .    (no cloak)
rCorr   .          Rampage  .    (no gloves)
Will    .....                    (no boots)
Stlth   ++........               (no amulet)
HPRegen 0.31/turn                g - +6 ring of strength
MPRegen 0.14/turn                (no ring)

@: short of breath
A: breathe frost, AC +7, unfitting armour, cold resistance 1, cold-blooded
a: Breathe Frost, Renounce Religion


You were on level 7 of the Dungeon.
You worshipped Vehumet.
Vehumet was aware of your devotion.
You visited 2 branches of the dungeon, and saw 8 of its levels.

You collected 346 gold pieces.

Inventory:

Hand Weapons
 j - a +3 vorpal spear (weapon)
Jewellery
 g - a +6 ring of strength (left hand)
 l - a ring of fire
 r - a ring of ice
 s - a ring of protection from cold
 u - a ring of fire
 y - an amulet of the acrobat
Wands
 p - a wand of flame (32)
 w - a wand of acid (11)
Scrolls
 k - 3 scrolls of enchant armour
 m - 2 scrolls of fear
 n - a scroll of silence {unknown}
 q - a scroll of vulnerability {unknown}
 v - a scroll of teleportation {unknown}
 x - a scroll of noise {unknown}
 z - a scroll of identify
Potions
 b - 2 potions of haste {unknown}
 c - a potion of berserk rage {unknown}
 d - a potion of curing
 e - a potion of degeneration {unknown}
 f - a potion of cancellation {unknown}
 h - 2 potions of mutation
 i - a potion of ambrosia {unknown}
 o - a potion of heal wounds {unknown}
 t - a potion of might {unknown}


   Skills:
 - Level 2.0 Fighting
 - Level 1.7 Dodging
 - Level 1.7 Stealth
 + Level 4.4 Spellcasting
 + Level 10.1 Conjurations
 - Level 6.0 Earth Magic


You had one spell level left.
You knew the following spells:

 Your Spells              Type           Power      Damage    Failure   Level
a - Iskenderun's Battles  Conj           49%        2d10      4%          5
b - Searing Ray           Conj           98%        2d8       1%          2
c - Magic Dart            Conj           100%       1d8       1%          1
x - Iskenderun's Mystic   Conj/Tloc      27%        2d7       13%         4
z - Stone Arrow           Conj/Erth      80%        3d12      1%          3

Your spell library contained the following spells:

 Spells                   Type           Power      Damage    Failure   Level
 Foxfire                  Conj/Fire      100%       2x1d9     1%          1
 Necrotise                Necr           16%        1d4       11%         1
 Momentum Strike          Conj/Tloc      54%        3d9       1%          2
 Dazzling Flash           Conj/Hex       54%        N/A       4%          3
 Fulminant Prism          Conj/Hex       13%        3d9       13%         4
 Blink                    Tloc           8%         N/A       16%         2
 Frozen Ramparts          Ice            8%         1d2       32%         3
 Lesser Beckoning         Tloc           8%         N/A       32%         3
 Vampiric Draining        Necr           4%         2d6       32%         3
 Iron Shot                Conj/Erth      20%        9d5       52%         6
 Ice Form                 Ice/Tmut       4%         N/A       71%         4
 Summon Ice Beast         Ice/Summ       4%         N/A       71%         4
 Agony                    Necr           4%         N/A       96%         5
 Spellforged Servitor     Conj/Summ      13%        N/A       100%        7
 Lehudib's Crystal Spear  Conj/Erth      20%        10d6      100%        8
 Animate Armour           Summ/Erth      Unusable   N/A       N/A         4

Dungeon Overview and Level Annotations

Branches:
Dungeon (7/15)             Temple (1/1) D:4

Altars:
Ashenzari
Cheibriados
Dithmenos
Elyvilon
Gozag
Hepliaklqana
Kikubaaqudgha
Makhleb
Nemelex Xobeh
Okawaru
Qazlal
Ru
Sif Muna
Trog
Uskayaw
Vehumet
Xom
Yredelemnul
Zin
The Shining One

Shops:
D:1 (


Innate Abilities, Weirdness & Mutations

You can breathe waves of freezing cold which knock back foes.
Your icy white scales are hard. (AC +7)
You cannot fit into any form of body armour.
Your flesh is cold resistant. (rC+)
You are cold-blooded and may be slowed by cold attacks.


Message History

The freezing breath hits the steam dragon.
The steam dragon is severely wounded.
The steam dragon is blown backwards by the freezing wind.
The steam dragon slams into the rock wall!
The steam dragon is severely wounded.
You hear a shout! x2
You hit the steam dragon.
The steam dragon is almost dead.
The steam dragon breathes steam at you. The ball of steam hits you!
* * * LOW HITPOINT WARNING * * *
You hear a shout!
Unknown command.
The steam dragon attacks as you move away!
The steam dragon closely misses you. The steam dragon claws you.
* * * LOW HITPOINT WARNING * * *
You are too injured to fight recklessly!
Unknown command.
You are too injured to fight recklessly!
Casting: Magic Dart (safe; 1% risk of failure)
Confirm with . or Enter, or press ? or * to list all spells.
Okay, then.
Casting: Magic Dart (safe; 1% risk of failure)
Confirm with . or Enter, or press ? or * to list all spells.
Aiming: Magic Dart (safe; 1% risk of failure)
Press: ? - help, Shift-Dir - straight line, f/p - steam dragon
Aim: a steam dragon (almost dead, ally target, 100% to hit)
The magic dart hits the steam dragon.
The steam dragon is almost dead.
Your battlesphere wavers and loses cohesion.
An orc comes into view. It is wielding a +0 dagger.
The steam dragon barely misses you. x2
Magic courses through your body. The steam dragon misses you.
The steam dragon claws you but does no damage.
The steam dragon breathes steam at you. The ball of steam hits you!
* * * LOW HITPOINT WARNING * * *
You hear a shout! x2
The steam dragon bites you!
You die...

####.#.##..# ..
#......##..# ..##
#.##.####..# ...
#.##.# #..# #.#
#.##.# #..####o##
...#.# #.....$..#
...#.####........#
...#...........D.#
..^######.....§§@#
÷....# #....§§§..#
...#.# ##...§.§..#
####..............#
######..§......
#..........
#..........#
#..........#


You could see a steam dragon (catching breath) and an orc.

Vanquished Creatures
  A troll (D:6)
  Sigmund (D:3)
  A wyvern (D:7)
  A steam dragon (D:6)
  An acid dragon (D:7)
  A water moccasin (D:6)
  An ice beast (D:6)
  2 ogres
  2 necrophages
  2 bullfrogs (D:7)
  3 scorpions
  4 hounds
  Natasha (thrice) (D:4)
  2 iguanas
  7 orc wizards
  8 gnolls
  7 adders
  A white imp (D:6)
  An ufetubus (D:4)
  2 worms (D:4)
  A dart slug (D:3)
  11 orcs
  7 endoplasms
  8 goblins
  8 hobgoblins
  3 jackals (D:3)
  4 quokkas
  8 ball pythons
  5 bats
  4 frilled lizards
  7 kobolds
  7 rats
124 creatures vanquished.

Vanquished Creatures (others)
  A scorpion (D:4)
1 creature vanquished.

Grand Total: 125 creatures vanquished

Notes
Turn   | Place    | Note
-------+----------+-------------------------------------------
     0 | D:1      | experimilk the Draconian Conjurer began the quest for the
                  | Orb.
     0 | D:1      | Reached XP level 1. HP: 14/14 MP: 3/3
    26 | D:1      | Found a faded altar of an unknown god.
   257 | D:1      | Found Esess's Weapon Shoppe.
   370 | D:1      | Reached XP level 2. HP: 20/20 MP: 3/5
   373 | D:1      | Learned a level 2 spell: Searing Ray
  1258 | D:2      | Reached skill level 5 in Conjurations
  1258 | D:2      | Reached XP level 3. HP: 26/26 MP: 0/6
  1331 | D:2      | Learned a level 3 spell: Stone Arrow
  2162 | D:2      | Reached XP level 4. HP: 33/33 MP: 3/7
  2751 | D:3      | Noticed Sigmund
  3049 | D:3      | Killed Sigmund
  3050 | D:3      | Reached skill level 7 in Conjurations
  3050 | D:3      | Reached XP level 5. HP: 28/38 MP: 0/8
  3689 | D:4      | Reached XP level 6. HP: 28/45 MP: 1/9
  3866 | D:4      | Noticed Natasha
  4471 | D:4      | Killed Natasha
  4472 | D:4      | Reached skill level 8 in Conjurations
  4915 | D:4      | Found an ancient bone altar of Kikubaaqudgha.
  4924 | D:4      | Found a glowing golden altar of the Shining One.
  5004 | D:4      | Noticed Natasha
  5028 | D:4      | Killed Natasha
  5042 | D:4      | Your scales start taking on an icy white colour.
  5042 | D:4      | Reached XP level 7. HP: 13/50 MP: 3/10
  5042 | D:4      | Gained mutation: Your flesh is cold resistant. (rC+) [White
                  | Draconian growth]
  5211 | D:4      | Learned a level 4 spell: Iskenderun's Mystic Blast
  5240 | D:4      | Noticed Natasha
  5242 | D:4      | Killed Natasha
  5532 | D:4      | Found a shadowy altar of Dithmenos.
  5682 | D:4      | Reached skill level 1 in Earth Magic
  5868 | D:4      | Reached skill level 9 in Conjurations
  6005 | D:4      | Found a staircase to the Ecumenical Temple.
  6014 | Temple   | Entered the Ecumenical Temple
  6256 | Temple   | Became a worshipper of Vehumet
  6400 | D:5      | Entered Level 5 of the Dungeon
  6887 | D:5      | Found a sparkling altar of Nemelex Xobeh.
  7478 | D:5      | Reached XP level 8. HP: 57/57 MP: 8/12
  8004 | D:6      | Identified the +8 plate armour "Niuvuil" {Rampage rPois
                  | Regen+ Str-2}
  8056 | D:6      | Found the +7 captain's cutlass {speed, disarm}
  8219 | D:6      | Reached skill level 10 in Conjurations
  8400 | D:6      | Found a shimmering altar of Xom.
  8463 | D:6      | Reached * piety under Vehumet
  8463 | D:6      | Offered knowledge of Foxfire by Vehumet.
  8672 | D:6      | Learned a level 5 spell: Iskenderun's Battlesphere
  8731 | D:6      | Noticed a troll
  8736 | D:6      | Killed a troll
  8737 | D:6      | Reached skill level 5 in Earth Magic
  9311 | D:7      | Reached skill level 1 in Fighting
  9311 | D:7      | Reached XP level 9. HP: 64/64 MP: 6/15
  9386 | D:7      | Found a shimmering blue altar of Sif Muna.
  9487 | D:7      | Slain by a steam dragon

Illustrated notes

Levels and vault maps discovered:
D:1:      dpeg_arrival_windows_large_door, layout_loops_ring, serial_shops,
          nicolae_shop_bloodbath_and_beyond, basic_ecumenical_altar
D:2:      layout_rooms
D:3:      layout_rooms, uniq_sigmund
D:4:      layout_loops_ring, amcnicky_altar_gilded, mainiacjoe_overflow_swirl,
          lemuel_temple_firewalk_b, st_stairs_5,
          minmay_a_box_with_orc_wizards_in_it, uniq_natasha
D:5:      layout_cave_pools, nemelex_diamond_rough_becter
D:6:      layout_rooms, xom_butterflies
D:7:      layout_basic, mainiacjoe_overflow_alcove_2
Temple:   dpeg_chambers_temple

Skill      XL: |  1  2  3  4  5  6  7  8  9 |
---------------+----------------------------+-----
Conjurations   | 5 7 8 9 10 | 10.1
Earth Magic    | 2 6 |  6.0
Spellcasting   | 3 4 |  4.4
Fighting       | 1 2 |  2.0
Dodging        | |  1.7
Stealth        | |  1.7

Action                   |  1- 3 |  4- 6 |  7- 9 || total
-------------------------+-------+-------+-------++-------
Melee: Hand axe          |    16 |       |       ||    16
       Tailslap          |     2 |     2 |     1 ||     5
       Spear             |       |    65 |    32 ||    97
       Punch             |       |     1 |       ||     1
 Cast: Magic Dart        |    66 |    41 |    51 ||   158
       Searing Ray       |     3 |     5 |       ||     8
       Stone Arrow       |       |    19 |    54 ||    73
       Iskenderun's Batt |       |       |     4 ||     4
 Abil: Breathe Frost     |       |       |     4 ||     4
  Use: Scroll            |     1 |     1 |     5 ||     7
       Potion            |       |     1 |     2 ||     3
Armor: Skin              |    11 |    23 |    12 ||    46
Dodge: Dodged            |    19 |    35 |    25 ||    79

Table legend: (Time is in decaauts)
 A = Elapsed time spent in this place.
 B = Non-inter-level travel time spent in this place.
 C = Inter-level travel time spent in this place.
 D = Time resting spent in this place.
 E = Time spent auto-exploring this place.
 F = Levels seen in this place.
 G = Mean time per level.
                   A        B        C        D        E       F      G
               +--------+--------+--------+--------+--------+-----+--------+
         Total |   9502 |   9367 |    135 |   4598 |   3634 |   8 | 1187.8 |
       Dungeon |   9246 |   9122 |    124 |   4598 |   3443 |   7 | 1320.9 |
        Temple |    255 |    244 |     11 |      0 |    191 |   1 |  255.0 |
               +--------+--------+--------+--------+--------+-----+--------+

Top non-repeatable levels by time:
     D:4: 2435 daAuts
     D:3: 1445 daAuts
     D:6: 1356 daAuts
     D:2: 1300 daAuts
     D:1: 1255 daAuts
     D:5: 1187 daAuts
     D:7: 266 daAuts
  Temple: 255 daAuts
